 Dungeon Crawl Stone Soup version 0.31.0-11-ge490571c62 (webtiles) character file.

Game seed: 16292382465110185389

103 qw the Shooter (level 4, -1/25 HPs)
             Began as a Deep Elf Hunter on Feb 4, 2024.
             Slain by a ribbon worm (7 damage)
             ... on level 2 of the Dungeon.
             The game lasted 00:00:05 (1023 turns).

qw the Shooter (Deep Elf Hunter)                    Turns: 1023, Time: 00:00:05

Health: -1/25      AC:  3    Str: 10    XL:     4   Next: 51%
Magic:  6/6        EV:  6    Int: 14    God:
Gold:   120        SH:  0    Dex: 18    Spells: 3/3 levels left

rFire   . . .        a - +0 shortbow
rCold   . . .        (shield currently unavailable)
rNeg    . . .        c - +0 leather armour
rPois   .            (no helmet)
rElec   .            (no cloak)
rCorr   .            (no gloves)
SInv    .            (no boots)
Will    .....        (no amulet)
Stlth   ++           (no ring)
HPRegen 0.24/turn    (no ring)
MPRegen 0.10/turn

%: no passive effects
@: held
A: no striking features
a: no special abilities


You were on level 2 of the Dungeon.
You visited 1 branch of the dungeon, and saw 2 of its levels.

You collected 120 gold pieces.


   Skills:
 - Level 1.5 Fighting
 + Level 7.9 Ranged Weapons
 - Level 2.4 Dodging
 - Level 1.2 Stealth


You had 3 spell levels left.
You didn't know any spells.
Your spell library was empty.

Inventory:

Hand Weapons
 a - a +0 shortbow (weapon)
Armour
 c - a +0 leather armour (worn)
 j - a +0 ring mail
 k - a +0 helmet
Jewellery
 d - a +5 ring of evasion
Scrolls
 g - 2 scrolls of identify {unknown}
 i - a scroll of vulnerability {unknown}
Potions
 b - a potion of curing {unknown}
 e - a potion of haste {unknown}
 f - a potion of attraction {unknown}
 h - a potion of lignification {unknown}

Dungeon Overview and Level Annotations

Branches:
Dungeon (2/15)

Altars:


Message History

You shoot an arrow. The goblin shouts!
The arrow hits the ribbon worm.
The ribbon worm is lightly wounded.
You hear a shout!
A hobgoblin comes into view.
You shoot an arrow. The arrow barely misses the goblin.
You shoot an arrow. The arrow hits the goblin!
You kill the goblin!
You shoot an arrow. The arrow hits the ribbon worm.
The ribbon worm is lightly wounded.
A ribbon worm comes into view.
You shoot an arrow. The arrow hits the ribbon worm.
The ribbon worm is moderately wounded.
A goblin comes into view. It is wielding a +0 dagger.
You shoot an arrow.
The arrow hits the ribbon worm but does no damage.
The ribbon worm is moderately wounded.
The ribbon worm expels a string of sticky webbing.
The stream of webbing hits you but does no damage.
You are caught in a web!
The ribbon worm bites you.
The hobgoblin hits you but does no damage.
A dart slug comes into view.
The ribbon worm bites you.
The ribbon worm expels a string of sticky webbing.
The stream of webbing hits you but does no damage.
You are even more entangled.
The goblin hits you but does no damage.
The ribbon worm expels a string of sticky webbing.
The stream of webbing hits you but does no damage.
You are even more entangled.
The ribbon worm bites you. The goblin hits you with a +0 dagger.
The ribbon worm bites you.
The ribbon worm bites you but does no damage.
The goblin hits you with a +0 dagger.
An adder comes into view.
The adder hisses angrily.
The ribbon worm bites you. The ribbon worm bites you!
You die...

#.......#[#####.#######.###.
##+#.##.#^# #.# #.# ##
.%.##+#.#####.# #.####
...... .......#.#######.#...
..... .......#.........####
.... ........########.#
.#+####.## #.####
####..#######.....
#@g)........#..#..
#....[ww####......#..#..
#......g# ......#..'[.
#.....##. ##..#.##.#..
#..... . .## #.#.. #..... }.
# #.#.. #.... .. #.#.. #####
#.? ####.### #.......


You could see 2 ribbon worms, a hobgoblin and a goblin.

Vanquished Creatures
  Robin (D:2)
  3 adders (D:2)
  5 dart slugs (D:1)
  5 ball pythons
  4 endoplasms
  2 giant cockroaches
  12 goblins
  3 hobgoblins
  2 kobolds (D:1)
  A quokka (D:1)
  3 bats
  3 frilled lizards
  11 rats
55 creatures vanquished.

Notes
Turn   | Place    | Note
-------+----------+-------------------------------------------
     0 | D:1      | qw the Deep Elf Hunter began the quest for the Orb.
     0 | D:1      | Reached XP level 1. HP: 12/12 MP: 3/3
     0 | D:1      | 0 ||| qw: Version: 0.3-a-160-g6735b56
     0 | D:1      | 0 ||| qw: Game counter: 4505
     0 | D:1      | 0 ||| qw: Melee chars always use a shield: true
     0 | D:1      | 0 ||| qw: God list: Okawaru
     0 | D:1      | 0 ||| qw: Allow faded altars: false
     0 | D:1      | 0 ||| qw: Do Orc after clearing Dungeon:15 true
     0 | D:1      | 0 ||| qw: Do second Lair branch before Depths: true
     0 | D:1      | 0 ||| qw: Lair rune preference: random
     0 | D:1      | 0 ||| qw: Goals: Normal
     0 | D:1      | 0 ||| PLANNING D:1-11
   118 | D:1      | Reached XP level 2. HP: 16/16 MP: 4/4
   126 | D:1      | Reached skill level 6 in Ranged Weapons
   276 | D:1      | Reached XP level 3. HP: 20/20 MP: 5/5
   429 | D:1      | 429 ||| READING 2 scrolls labelled ONLARCH BEXAJIT.
   433 | D:1      | 433 ||| DROPPING scroll of butterflies.
   528 | D:2      | Reached skill level 7 in Ranged Weapons
   529 | D:2      | HP: 5/20 [poisoned by an adder]
   713 | D:2      | Noticed Robin
   719 | D:2      | HP: 5/20 [frozen (1)]
   720 | D:2      | 720 ||| READING scroll of teleportation.
   724 | D:2      | HP: 3/20 [goblin/sling bullet[Robin] (2)]
   726 | D:2      | Reached XP level 4. HP: 4/25 MP: 6/6
   956 | D:2      | Killed Robin
  1023 | D:2      | HP: 6/25 [ribbon worm (4)]
  1023 | D:2      | Slain by a ribbon worm

Levels and vault maps discovered:
D:1:      matt_arrival_refuge, layout_rooms, minmay_misc_feat_hallway,
          wander_ebering_terrifying_dragon_lair
D:2:      layout_basic, minmay_hexomino_c4, uniq_robin

Skill      XL: |  1  2  3 |
---------------+----------+-----
Ranged Weapons | 6 7 |  7.9
Fighting       | |  1.5
Dodging        | |  2.4
Stealth        | |  1.2

Action                     |  1- 3 |  4- 6 || total
---------------------------+-------+-------++-------
   Fire: Shortbow          |   103 |    41 ||   144
    Use: Scroll            |     2 |       ||     2
 Armour: Leather armour    |    18 |    13 ||    31
  Dodge: Dodged            |    18 |     4 ||    22

Table legend:
 A = Non-vault XP
 B = Vault XP
 C = Vault XP percentage of total XP
 D = Non-vault monster count
 E = Vault monster count
 F = Vault count percentage of total count
                 A         B        C        D         E       F
            +---------+---------+-------+---------+---------+-------
      Total |     111 |      37 |  25.0 |      42 |      13 |  23.6
            +---------+---------+-------+---------+---------+-------
        D:1 |      52 |       1 |   1.9 |      27 |       1 |   3.6
        D:2 |      59 |      36 |  37.9 |      15 |      12 |  44.4
            +---------+---------+-------+---------+---------+-------
